 Seeded DCSS version 0.30.1-4-g462c640d31 (webtiles) character file.

Game seed: 6351066067085065685 (custom seed)

23603 Esekla the Eclecticist (level 12, -4/71 HPs)
             Began as a Deep Elf Necromancer on Aug 29, 2023.
             Was a High Priest of Vehumet.
             Slain by a balrug
             ... wielding a +1 demon whip of venom
              (17 damage)
             ... in a Gauntlet.
             The game lasted 01:46:31 (13308 turns).

Esekla the Eclecticist (Deep Elf Necromancer)      Turns: 13308, Time: 01:46:31

Health: -4/71      AC:  8    Str:  5    XL:     12   Next: 73%
Magic:  34/42      EV: 15    Int: 26    God:    Vehumet [*****.]
Gold:   290        SH:  0    Dex: 15    Spells: 13/42 levels left

rFire   . . .        c - +4 great sword
rCold   . . .        (shield currently unavailable)
rNeg    . . .        A - +0 troll leather armour
rPois   .            P - +1 helmet
rElec   .            E - +0 cloak
rCorr   .            F - +0 pair of gloves
SInv    .            (no boots)
Will    +....        v - amulet of magic regeneration
Stlth   +++          i - ring of magical power
HPRegen 1.11/turn    M - ring of the Mage {Wiz Archmagi}
MPRegen 0.68/turn

%: no teleportation, wizardry (x1), archmagi
@: wereblooded, very slightly contaminated, studying Fighting
A: no striking features
a: Renounce Religion


You were in a Gauntlet.
You worshipped Vehumet.
Vehumet was extremely pleased with you.
You visited 1 branch of the dungeon, and saw 13 of its levels.
You also visited: Bailey and Gauntlet.

You collected 1004 gold pieces.
You spent 714 gold pieces at shops.

Inventory:

Hand Weapons
 a - a +2 vampiric dagger
 c - a +4 great sword (weapon)
 r - a +4 trident of venom
 s - the +5 rapier of the Hero {heavy, rN+ Dex+3}
   (You found it on level 3 of the Dungeon)

   Dex:       It affects your dexterity (+3).
   rN:        It protects you from negative energy.
 y - a +5 scimitar
Missiles
 t - 52 poisoned darts (quivered)
 J - 5 curare-tipped darts
 N - 5 boomerangs
Armour
 A - a +0 troll leather armour (worn)
 E - a +0 cloak (worn)
 F - a +0 pair of gloves (worn)
 P - a +1 helmet (worn)
Magical Staves
 f - a staff of fire
Jewellery
 i - a ring of magical power (left hand)
 v - an amulet of magic regeneration (around neck)
 H - an amulet of reflection
 M - the ring of the Mage (right hand) {Wiz Archmagi}
   (You bought it in a shop on level 2 of the Dungeon)

   [ring of wizardry]

   It improves your spell success rate.
   Archmagi:  It increases the power of your magical spells.
 O - a ring of ice
 V - a +6 ring of intelligence
Wands
 o - a wand of roots (11)
 B - a wand of flame (11)
 L - a wand of mindburst (5)
 T - a wand of digging (9)
 U - a wand of quicksilver (6)
Scrolls
 h - 5 scrolls of blinking {unknown}
 l - a scroll of enchant armour
 m - 2 scrolls of amnesia
 u - 3 scrolls of fog
 z - 2 scrolls of silence
 C - 2 scrolls of enchant weapon
 K - 3 scrolls of poison
 Q - a scroll of fear
 R - 3 scrolls of acquirement
Potions
 b - 2 potions of magic
 d - 2 potions of ambrosia
 e - 7 potions of attraction
 g - a potion of heal wounds
 j - 2 potions of mutation {unknown}
 k - 3 potions of haste
 n - a potion of cancellation {unknown}
 p - 6 potions of curing
 q - 3 potions of brilliance
 x - 2 potions of lignification
 S - 2 potions of degeneration {unknown}


   Skills:
 * Level 6.4 Fighting
 + Level 3.2(3.7) Short Blades
 + Level 2.2(3.0) Long Blades
 + Level 2.1 Throwing
 * Level 2.8 Armour
 * Level 8.8 Dodging
 + Level 4.7 Stealth
 - Level 1.1 Shields
 * Level 15.7 Spellcasting
 * Level 4.2 Conjurations
 + Level 11.0 Necromancy
 + Level 6.1 Translocations
 * Level 6.0 Fire Magic
 * Level 3.5 Ice Magic
 * Level 3.0 Air Magic
 + Level 4.7 Poison Magic
 + Level 0.9 Evocations


You had 13 spell levels left.
You knew the following spells:

 Your Spells              Type           Power      Damage    Failure   Level
a - Necrotise             Necr           100%       1d9       1%          1
b - Iskenderun's Mystic   Conj/Tloc      63%        2d13      1%          4
c - Sandblast             Erth           60%        2d14      1%          1
d - Vampiric Draining     Necr           86%        2d12      1%          3
e - Inner Flame           Hex/Fire       53%        N/A       1%          3
f - Foxfire               Conj/Fire      100%       2x1d9     1%          1
o - Scorch                Fire           100%       2d9       1%          2
t - Teleport Other        Tloc           68%        N/A       1%          3
w - Wereblood             Tmut           30%        N/A       2%          2
x - Olgreb's Toxic Radia  Pois           61%        N/A       1%          4
z - Freezing Cloud        Conj/Ice/Air   28%        6-21      3%          5

Your spell library contained the following spells:

 Spells                   Type           Power      Damage    Failure   Level
 Lesser Beckoning         Tloc           100%       N/A       1%          2
 Sublimation of Blood     Necr           86%        N/A       1%          2
 Gell's Gravitas          Tloc           68%        N/A       1%          3
 Hailstorm                Conj/Ice       57%        3d12      1%          3
 Spider Form              Tmut/Pois      49%        N/A       1%          3
 Animate Dead             Necr           86%        N/A       1%          4
 Agony                    Necr           86%        N/A       1%          5
 Summon Guardian Golem    Hex/Summ       30%        N/A       4%          3
 Cause Fear               Hex            15%        N/A       16%         4
 Summon Mana Viper        Hex/Summ       30%        N/A       41%         5
 Orb of Destruction       Conj           29%        9d9       47%         7
 Spellforged Servitor     Conj/Summ      23%        N/A       73%         7
 Summon Hydra             Summ           15%        N/A       100%        7


Dungeon Overview and Level Annotations

Branches:
Dungeon (15/15)            Temple (0/1) D:6            Lair (0/5) D:11
    Orc (0/2) D:10         Depths (0/4) D:15         Bailey (visited)
Gauntlet (1/1)
 Vaults: D:13-14

Altars:
Dithmenos
Fedhas
Hepliaklqana
Nemelex Xobeh
Okawaru
Qazlal
Ru
Trog
Uskayaw
Vehumet
Zin
The Shining One

Shops:
D:2 =   D:11 *

Annotations:
Gauntlet 11 transporters, exclusion: 2 lightning spires


Message History

Press: ? - help, Dir - move target, f/p - hell hound
Aim: a hell hound You feel a surge of power!
That beam is likely to hit you.
Continue anyway?
You are engulfed in freezing vapours.
You are covered in liquid flames!
The hell hound is engulfed in freezing vapours.
The hell hound bites you but does no damage.
The hell hound is engulfed in freezing vapours.
The balrug is engulfed in freezing vapours.
The balrug gestures at you. The sticky flame misses you.
You hear a sizzling sound!
Casting: Freezing Cloud (dangerous; 3% risk of failure)
Confirm with . or Enter, or press ? or * to list all spells.
You feel a surge of power!
Your blood is infused with primal strength.
You are covered in liquid flames!
You are no longer on fire.
The hell hound is engulfed in freezing vapours.
You feel a bit better.
You kill the hell hound!
Vehumet accepts your kill.
You feel your power returning.
The hell hound is engulfed in freezing vapours.
You feel a bit better.
You kill the hell hound!
Vehumet accepts your kill.
You feel your power returning.
The balrug is engulfed in freezing vapours.
The balrug hits you with a +1 demon whip of venom!
You are engulfed in flames!!
* * * LOW HITPOINT WARNING * * *
You are poisoned.
You feel better.
The balrug is engulfed in freezing vapours.
The balrug hits you with a +1 demon whip of venom!
* * * LOW HITPOINT WARNING * * *
You are engulfed in flames!
You die...

#≈...###########.....#.©.#.
##§.....#.©.#........#...#.
##.8...#.8.#...8....#.©.#.
#≈.....#.©.#.....#########
##§..#########...#..=!©?..
#≈...###.©?[.#...#..##.##.
##...###}###.#...#.#..#..#
#≈...#.#.§##§#...#.#..#..#
##.8.#...@2§§#.8.#..#####.
#≈...#.##§§#§#...#.#.©#..#
##...#.###.###...#5#..#..#
#≈...#.....###...#2.##.##.
##...#########...#4.......
#≈.......©.......#########
##.8.....8.....8......©.?.
#§.§...............∩..8..∩
##§#≈#≈#≈#≈#≈#≈#..........


You could see a balrug.

Vanquished Creatures
  A catoblepas (D:15)
  Harold (D:9)
  3 two-headed ogres
  Lodul (D:11)
  Pikel (D:6)
  2 orc knights (Bailey)
  5 ugly things (D:15)
  8 cyclopes
  Joseph (D:7)
  A black mamba (shapeshifter) (D:15)
  2 gargoyles (D:10)
  Psyche (D:11)
  A rime drake (D:11)
  A kobold demonologist (D:9)
  3 yaktaurs (D:15)
  A polar bear (D:11)
  3 trolls
  3 centaur simulacra (D:11)
  2 basilisks
  9 yaks
  2 steam dragons
  3 wyverns
  Menkaure (D:7)
  2 hell hounds (Gauntlet)
  6 ice beasts
  A sky beast (D:6)
  9 orc warriors
  2 black bears
  10 ogres
  2 centaurs
  7 wolves
  A phantom (D:7)
  Blork the orc (D:6)
  4 kobold brigands
  4 gnoll sergeants
  2 bullfrogs
  2 scorpions (D:5)
  10 wights
  21 killer bees
  2 howler monkeys (D:10)
  An electric eel (D:11)
  2 quasits (D:7)
  2 gnoll boudas
  5 hounds
  A jelly (D:6)
  Crazy Yiuf (D:7)
  7 orc priests
  A sleepcap (D:5)
  5 iguanas
  12 orc wizards
  26 gnolls
  9 adders
  3 shadow imps (D:8)
  9 white imps
  4 ufetubi
  A worm (D:4)
  3 dart slugs
  57 orcs
  4 endoplasms
  9 goblins
  7 hobgoblins
  A quokka (D:1)
  6 ball pythons
  4 bats
  4 frilled lizards
  21 kobolds
  A rat (D:2)
348 creatures vanquished.

Notes
Turn   | Place    | Note
-------+----------+-------------------------------------------
     0 | D:1      | Esekla the Deep Elf Necromancer began the quest for the
                  | Orb.
     0 | D:1      | Reached XP level 1. HP: 10/10 MP: 6/6
   284 | D:4      | Found a radiant altar of Vehumet.
   295 | D:4      | Found an iron altar of Okawaru.
   306 | D:4      | Found a glowing silver altar of Zin.
   386 | D:4      | Became a worshipper of Vehumet
   516 | D:3      | Reached skill level 5 in Necromancy
   663 | D:3      | Reached XP level 2. HP: 15/15 MP: 8/8
   828 | D:3      | Identified the +5 rapier of the Hero {heavy, rN+ Dex+3}
   997 | D:2      | Found Renulab's Jewellery Shop.
  1126 | D:1      | Reached XP level 3. HP: 15/19 MP: 9/9
  1130 | D:1      | Learned a level 3 spell: Vampiric Draining
  1273 | D:1      | Reached * piety under Vehumet
  1273 | D:1      | Offered knowledge of Foxfire by Vehumet.
  1278 | D:1      | Learned a level 3 spell: Teleport Other
  1280 | D:1      | Learned a level 1 spell: Foxfire
  1564 | D:2      | Reached skill level 1 in Short Blades
  1564 | D:2      | Reached XP level 4. HP: 14/24 MP: 4/11
  1687 | D:2      | Found a faded altar of an unknown god.
  1748 | D:2      | Noticed a black bear
  1759 | D:2      | Killed a black bear
  1760 | D:2      | Reached skill level 4 in Spellcasting
  1760 | D:2      | Reached skill level 1 in Translocations
  1760 | D:2      | Reached XP level 5. HP: 21/28 MP: 5/13
  2131 | D:3      | Found a stormy altar of Qazlal.
  2160 | D:3      | Reached skill level 5 in Spellcasting
  2163 | D:3      | Found a hazy altar of Hepliaklqana.
  2163 | D:3      | Found a bloodstained altar of Trog.
  2419 | D:4      | Found a glowing golden altar of the Shining One.
  2451 | D:5      | Entered Level 5 of the Dungeon
  2454 | D:5      | Reached XP level 6. HP: 32/32 MP: 15/15
  2496 | D:5      | Found a shadowy altar of Dithmenos.
  2522 | D:5      | Got the Parchment of the Lumpy Olives
  2843 | D:3      | Reached ** piety under Vehumet
  2843 | D:3      | Offered knowledge of Sandblast by Vehumet.
  2848 | D:3      | Learned a level 1 spell: Sandblast
  3051 | D:5      | Reached skill level 6 in Spellcasting
  3067 | D:5      | Reached XP level 7. HP: 36/36 MP: 18/18
  3409 | D:6      | Found a staircase to the Ecumenical Temple.
  4091 | D:6      | Reached skill level 7 in Spellcasting
  4268 | D:7      | Found a runed translucent door.
  4269 | D:7      | Noticed Crazy Yiuf
  4275 | D:7      | Killed Crazy Yiuf
  4335 | D:6      | Noticed Pikel
  4380 | D:6      | Killed Pikel
  4381 | D:6      | Reached skill level 8 in Spellcasting
  4381 | D:6      | Reached XP level 8. HP: 11/41 MP: 4/22
  4619 | D:6      | Offered knowledge of Scorch by Vehumet.
  4639 | D:6      | Reached skill level 5 in Dodging
  4657 | D:6      | Learned a level 2 spell: Scorch
  4720 | D:6      | Noticed Blork the orc
  4738 | D:6      | Killed Blork the orc
  4940 | D:6      | Found a blossoming altar of Fedhas.
  5077 | D:7      | Reached skill level 9 in Spellcasting
  5078 | D:7      | Reached skill level 1 in Fire Magic
  5263 | D:7      | Reached XP level 9. HP: 45/45 MP: 24/24
  5317 | D:7      | Reached *** piety under Vehumet
  5516 | D:7      | Noticed Menkaure
  5767 | D:7      | HP: 2/45 [Menkaure (21)]
  5768 | D:7      | Killed Menkaure
  5944 | D:7      | Offered knowledge of Olgreb's Toxic Radiance by Vehumet.
  5954 | D:7      | Learned a level 4 spell: Olgreb's Toxic Radiance
  6086 | D:7      | Noticed Joseph
  6116 | D:7      | Killed Joseph
  6117 | D:7      | Reached skill level 1 in Shields
  6117 | D:7      | Reached skill level 10 in Spellcasting
  6117 | D:7      | Reached skill level 5 in Translocations
  6117 | D:7      | Reached skill level 1 in Poison Magic
  6510 | D:8      | Noticed a two-headed ogre
  6664 | D:8      | Reached **** piety under Vehumet
  7106 | D:7      | Offered knowledge of Inner Flame by Vehumet.
  7111 | D:7      | Learned a level 3 spell: Inner Flame
  7377 | D:8      | Found a hide-covered altar of Uskayaw.
  7413 | D:8      | Found a transporter.
  7415 | D:8      | Found a transporter.
  7419 | D:8      | Found a transporter.
  7419 | D:8      | Found a transporter.
  7634 | D:8      | Killed a two-headed ogre
  7635 | D:8      | Reached skill level 1 in Long Blades
  7635 | D:8      | Reached skill level 1 in Throwing
  7635 | D:8      | Reached skill level 11 in Spellcasting
  7635 | D:8      | Reached XP level 10. HP: 50/50 MP: 25/27
  7994 | D:9      | Found a flagged portal.
  8013 | Bailey   | Entered a bailey
  8161 | Bailey   | Identified the +2 bardiche of Puhoisos {heavy, rElec
                  | Stlth+}
  8325 | Bailey   | Noticed an orc knight
  8325 | Bailey   | Noticed an orc knight
  8361 | Bailey   | Killed an orc knight
  8376 | Bailey   | Killed an orc knight
  8377 | Bailey   | Reached skill level 10 in Necromancy
  8525 | D:9      | Reached skill level 12 in Spellcasting
  8628 | D:9      | Reached skill level 1 in Fighting
  8630 | D:9      | Noticed a smoke demon
  8840 | D:9      | Noticed a two-headed ogre
  8861 | D:9      | Killed a two-headed ogre
  8952 | D:9      | Found a sparkling altar of Nemelex Xobeh.
  8974 | D:9      | Noticed Harold
  8984 | D:9      | HP: 2/56 [constriction (5)]
  8986 | D:9      | Killed Harold
  8996 | D:9      | Reached XP level 11. HP: 11/60 MP: 29/29
  9311 | D:9      | Reached ***** piety under Vehumet
  9322 | D:9      | Offered knowledge of Freezing Cloud by Vehumet.
  9381 | D:9      | Learned a level 5 spell: Freezing Cloud
  9568 | D:10     | Entered Level 10 of the Dungeon
  9612 | D:10     | Reached skill level 13 in Spellcasting
  9632 | D:10     | Reached skill level 1 in Conjurations
  9851 | D:10     | Found a sacrificial altar of Ru.
  9854 | D:10     | Reached skill level 1 in Ice Magic
  9991 | D:10     | Found a staircase to the Orcish Mines.
 10249 | D:10     | Reached skill level 1 in Armour
 10249 | D:10     | Reached skill level 1 in Air Magic
 10338 | D:10     | Reached skill level 5 in Fire Magic
 10752 | D:11     | Noticed Lodul
 10799 | D:10     | HP: 1/62 [cyclops (25)]
 11093 | D:11     | Reached skill level 14 in Spellcasting
 11252 | D:11     | Found Fagafuf's Pet Rocks.
 11410 | D:11     | Found a staircase to the Lair.
 11439 | D:11     | Reached skill level 5 in Fighting
 11571 | D:11     | Reached XP level 12. HP: 59/68 MP: 32/32
 11770 | D:11     | Got Simple Magic
 11902 | D:11     | Noticed Psyche
 11910 | D:11     | Killed Psyche
 11911 | D:11     | Noticed a two-headed ogre
 11930 | D:11     | Killed a two-headed ogre
 12247 | D:2      | Bought the ring of the Mage {Wiz Archmagi} for 714 gold
                  | pieces
 12247 | D:2      | Found the ring of the Mage {Wiz Archmagi}
 12515 | D:11     | Killed Lodul
 12770 | D:12     | Learned a level 2 spell: Wereblood
 12776 | D:12     | You fall into a shaft and drop 3 floors!
 12776 | D:15     | Entered Level 15 of the Dungeon
 12793 | D:15     | Reached skill level 15 in Spellcasting
 12797 | D:15     | Offered knowledge of Iskenderun's Mystic Blast by Vehumet.
 12861 | D:15     | Found a staircase to the Depths.
 12861 | D:15     | Noticed a stone giant
 12868 | D:15     | Noticed a catoblepas
 12875 | D:15     | Killed a catoblepas
 12927 | D:15     | HP: 2/71 [stone giant/large rock (45)]
 12952 | D:15     | Found a stormy altar of Qazlal.
 12979 | D:15     | Found a gate leading to a gauntlet.
 13049 | Gauntlet | Entered a Gauntlet
 13049 | Gauntlet | Noticed a death yak
 13049 | Gauntlet | Found a transporter.
 13053 | Gauntlet | Noticed a death yak
 13053 | Gauntlet | Noticed a death yak
 13055 | Gauntlet | Noticed a death yak
 13055 | Gauntlet | Noticed a death yak
 13056 | Gauntlet | Found a transporter.
 13056 | Gauntlet | Noticed a death yak
 13056 | Gauntlet | Noticed a reaper
 13059 | Gauntlet | Found a transporter.
 13061 | Gauntlet | Found a transporter.
 13061 | Gauntlet | Found a transporter.
 13062 | Gauntlet | Found a transporter.
 13083 | Gauntlet | Learned a level 4 spell: Iskenderun's Mystic Blast
 13110 | Gauntlet | Found a transporter.
 13121 | Gauntlet | Noticed a ghost crab
 13124 | Gauntlet | Found a transporter.
 13134 | Gauntlet | Noticed a dire elephant
 13144 | Gauntlet | Noticed a balrug
 13149 | Gauntlet | Found a transporter.
 13149 | Gauntlet | Found a transporter.
 13156 | Gauntlet | Found a transporter.
 13182 | Gauntlet | Found a transporter.
 13308 | Gauntlet | Slain by a balrug

Illustrated notes

Levels and vault maps discovered:
D:1:      sevenhm_arrival_forest_fort_small_3, layout_rooms,
          chequers_serial_rivers_room_b, minmay_misc_feat_five
D:2:      layout_loops_ring, dreamdust_ecumenical_altar_angels_and_demons,
          serial_shops, shop
D:3:      layout_basic, grunt_temple_overflow_open, minmay_misc_feat_iff
D:4:      layout_basic, nicolae_overflow_quartered_altars, serial_shops,
          nicolae_diamond_shop
D:5:      layout_loops_ring, lemuel_doored_altar, minmay_misc_feat_rows,
          dreamdust_wishing_well
D:6:      layout_loops_cross, fedhas_altar_fruit_tree,
          minmay_temple_entry_glass, uniq_pikel, uniq_blork_the_orc
D:7:      layout_basic, uniq_menkaure, uniq_joseph, uniq_crazy_yiuf_cottage
D:8:      layout_basic, nicolae_uskayaw_dance_hall, serial_demonic,
          serial_demonic_d, serial_demonic_a, serial_demonic_c,
          serial_demonic_c, nicolae_diode_quadrants
D:9:      layout_irregular_city, kennysheep_little_box, enter_bailey_4,
          minmay_between, uniq_harold
D:10:     layout_basic, nicolae_ru_awakened_eye
D:11:     layout_rooms, hellmonk_lair_entry_icy, serial_ice, serial_ice_j,
          serial_ice_m, serial_ice_o, serial_ice_c, serial_ice_g, serial_ice_f,
          guppyfry_shop_earth, uniq_psyche, uniq_lodul
D:12:     layout_roguey, nicolae_trove_entry_crossroad
D:15:     grunt_enter_depths_giant_problem, layout_rooms,
          nicolae_qazlal_scattered_showers, gauntlet_entry_generic
Gauntlet: minmay_gauntlet_mixed_oops_all_seconds
          [minmay_gauntlet_arena_77_block_sizes,
          nicolae_gauntlet_arena_quarters, minmay_gauntlet_arena_77_p_blocks,
          nicolae_gauntlet_arena_grate_2, minmay_gauntlet_arena_77_squiggly,
          gammafunk_gauntlet_arena_split_diamond, gauntlet_exit_green]

Skill      XL: |  1  2  3  4  5  6  7  8  9 10 11 12 |
---------------+-------------------------------------+-----
Necromancy     | 5 6 8 9 10 11 | 11.0
Dodging        | 3 4 5 6 7 8 |  8.8
Stealth        | 3 4 |  4.7
Short Blades   | 1 2 3 |  3.2
Spellcasting   | 4 5 6 8 9 11 12 14 15 | 15.7
Translocations | 1 2 4 5 6 |  6.1
Fire Magic     | 1 3 4 5 6 |  6.0
Shields        | 1 |  1.1
Poison Magic   | 2 3 4 |  4.7
Long Blades    | 1 2 |  2.2
Throwing       | 1 2 |  2.1
Fighting       | 3 5 6 |  6.4
Conjurations   | 3 4 |  4.2
Ice Magic      | 2 3 |  3.5
Armour         | 1 2 |  2.8
Air Magic      | 1 3 |  3.0
Evocations     | |  0.9

Action                     |  1- 3 |  4- 6 |  7- 9 | 10-12 || total
---------------------------+-------+-------+-------+-------++-------
  Melee: Short sword       |    84 |    49 |       |       ||   133
         Unarmed           |     9 |       |       |       ||     9
         Punch             |       |     2 |     2 |     1 ||     5
         Dagger            |       |    41 |   113 |    28 ||   182
         Rapier            |       |       |    28 |     7 ||    35
         Great sword       |       |       |    51 |    95 ||   146
  Throw: Dart              |       |     8 |    17 |    26 ||    51
         Throwing net      |       |     1 |       |       ||     1
         Boomerang         |       |       |       |     7 ||     7
   Cast: Vampiric Draining |     6 |    21 |    79 |   148 ||   254
         Teleport Other    |       |       |     8 |     1 ||     9
         Scorch            |       |       |    69 |    65 ||   134
         Olgreb's Toxic Ra |       |       |     2 |    74 ||    76
         Freezing Cloud    |       |       |       |     7 ||     7
         Sandblast         |       |       |       |     1 ||     1
         Wereblood         |       |       |       |     1 ||     1
  Evoke: Wand              |       |     1 |    10 |    10 ||    21
    Use: Scroll            |     1 |       |     2 |    16 ||    19
         Potion            |     2 |       |     3 |     4 ||     9
   Stab: Sleeping          |     6 |     7 |     9 |     4 ||    26
         Distracted        |     2 |     1 |       |       ||     3
 Armour: Robe              |    31 |    15 |    32 |       ||    78
         Steam dragon scal |       |       |    42 |    82 ||   124
         Troll leather arm |       |       |       |     4 ||     4
  Dodge: Dodged            |    64 |    54 |   274 |   242 ||   634
